Map: Deathaura LE

Players

MaSa - Winner!

  • Race: Terran Terran
  • League: Master
  • Spawn Location: 11:00

Epic

  • Race: Terran Terran
  • League: Grandmaster
  • Spawn Location: 5:00

Event: DreamHack SC2 Masters 2020 Winter

VOD

Have the link to the VOD?

Description

Time

  • Played on: Oct. 29, 2020, 5:47 p.m.
  • Length: 17:44

All games in this series

Show
View Real Time Build Order
Export as new Build Order

MaSa Terran - Winner!

Build Orders: Gas First Reaper Expand, Liberator Opening, Mech 

Get SALT Encoding   

  12  0:00  SCV  
  13  0:13  SCV  
  14  0:17  Supply Depot  
  14  0:25  SCV  
  14  0:27  Refinery  
  15  0:38  SCV  
  16  0:43  Barracks  
  16  0:50  SCV  
  17  1:03  SCV  
  18  1:15  SCV  
  19  1:30  Reaper, Orbital Command  
  20  1:48  Command Center  
  20  1:52  Factory  
  20  1:56  SCV  
  21  2:05  Barracks Reactor  
  21  2:06  Refinery  
  21  2:08  SCV  
  22  2:14  Supply Depot  
  22  2:20  SCV  
  23  2:35  SCV  
  24  2:39  Starport  
  24  2:46  Hellion x2  
  24  2:47  SCV  
  29  2:56  Barracks Tech Lab  
  29  2:59  SCV, Orbital Command  
  30  3:07  Hellion  
  30  3:09  Hellion  
  30  3:12  SCV  
  35  3:15  Marine  
  36  3:21  Liberator  
  36  3:25  SCV  
  41  3:28  Supply Depot  
  40  3:36  Hellion  
  40  3:37  Hellion  
  40  3:39  SCV  
  40  3:41  SCV  
  46  3:47  Starport  
  46  3:56  SCV  
  46  4:02  SCV  
  48  4:05  Supply Depot, Refinery  
  48  4:08  Cyclone, Marine x2  
  53  4:16  SCV  
  54  4:21  Supply Depot  
  54  4:26  Marine x2, Liberator  
  57  4:36  SCV  
  52  4:39  SCV  
  52  4:40  Siege Tank  
  52  4:41  Supply Depot  
  56  4:48  SCV  
  56  4:51  SCV, Supply Depot  
  58  4:54  Viking  
  60  5:00  SCV  
  60  5:02  Viking  
  60  5:04  Marine  
  60  5:05  SCV  
  65  5:13  Viking  
  65  5:14  SCV  
  65  5:19  SCV  
  67  5:28  SCV  
  67  5:30  Viking  
  67  5:31  SCV  
  70  5:39  Refinery, Marine  
  70  5:40  SCV  
  70  5:41  Viking  
  74  5:53  Command Center  
  73  5:57  SCV  
  71  6:04  Viking x2  
  71  6:07  SCV  
  71  6:08  Marine  
  77  6:16  SCV, Supply Depot x2  
  78  6:19  SCV  
  79  6:28  SCV  
  79  6:30  Viking  
  79  6:31  SCV  
  79  6:40  SCV  
  79  6:41  Liberator  
  79  6:43  SCV  
  84  6:48  Factory  
  84  6:55  SCV  
  84  6:56  SCV  
  84  7:02  Viking x2  
  84  7:07  SCV  
  88  7:08  SCV  
  88  7:13  Marine  
  88  7:14  Orbital Command  
  89  7:19  SCV  
  86  7:24  Viking  
  86  7:25  Factory  
  86  7:28  SCV  
  89  7:31  SCV  
  90  7:40  SCV x2  
  90  7:41  Viking x2, Marine  
  90  7:43  SCV  
  98  7:52  SCV  
  98  7:53  Siege Tank  
  98  7:55  SCV  
  98  7:57  SCV  
  89  8:04  Factory Reactor  
  89  8:05  Barracks Reactor, Factory Tech Lab  
  84  8:07  SCV  
  85  8:13  Viking x3, Orbital Command  
  85  8:18  SCV  
  91  8:21  Engineering Bay  
  91  8:23  Refinery  
  91  8:25  Siege Tank  
  94  8:27  Refinery  
  94  8:30  Siege Tank  
  94  8:33  SCV  
  96  8:36  SCV  
  97  8:43  Viking  
  97  8:45  Liberator  
  102  8:48  SCV  
  102  8:49  SCV x2  
  102  8:55  Supply Depot  
  105  8:57  Supply Depot  
  105  8:58  Hellion  
  105  9:01  SCV  
  108  9:05  SCV x2  
  108  9:08  Supply Depot, Siege Tank  
  113  9:13  SCV  
  113  9:16  Factory  
  114  9:17  SCV  
  114  9:19  Engineering Bay  
  114  9:21  Factory  
  114  9:22  Viking  
  114  9:24  Hellion  
  119  9:26  SCV  
  119  9:28  Supply Depot  
  120  9:31  Liberator  
  120  9:37  SCV x2  
  120  9:38  SCV  
  126  9:39  Supply Depot  
  126  9:45  Armory, Command Center  
  126  9:47  Armory  
  126  9:50  Hellion x2, Infernal Pre-Igniter, Sensor Tower  
  130  9:53  SCV  
  130  9:59  Supply Depot x2  
  131  10:00  Viking  
  131  10:01  Viking  
  131  10:06  Factory Reactor, Factory Tech Lab  
  135  10:09  Supply Depot  
  133  10:20  SCV  
  109  10:22  Liberator  
  109  10:26  SCV  
  109  10:28  SCV  
  98  10:32  SCV  
  98  10:33  Hellion x2, Siege Tank x2  
  107  10:38  SCV  
  107  10:40  SCV  
  107  10:42  Missile Turret  
  109  10:44  SCV  
  109  10:45  Missile Turret  
  109  10:47  Viking, Command Center  
  112  10:50  SCV  
  112  10:52  SCV, Hellion x2  
  112  10:53  Siege Tank  
  112  10:56  SCV  
  122  11:04  Hellion x2  
  122  11:05  Siege Tank  
  122  11:06  Refinery  
  122  11:07  SCV  
  130  11:14  Missile Turret  
  130  11:16  Refinery  
  130  11:20  Missile Turret  
  130  11:21  Terran Vehicle Weapons Level 1, Sensor Tower  
  130  11:22  Terran Vehicle And Ship Armor Level 1  
  130  11:24  SCV x2  
  132  11:28  Planetary Fortress  
  132  11:30  SCV  
  133  11:35  Hellion  
  135  11:42  Hellion x2, Siege Tank  
  142  11:48  Hellion x2, Siege Tank  
  142  11:51  SCV  
  150  11:56  Hellion  
  149  12:01  Liberator  
  149  12:03  Hellion x2  
  156  12:09  Siege Tank  
  156  12:10  Factory  
  156  12:11  Hellion  
  156  12:13  SCV x5  
  156  12:14  Hellion  
  168  12:18  Hellion  
  168  12:20  Siege Tank  
  173  12:24  Hellion  
  173  12:25  SCV  
  176  12:30  SCV x2  
  176  12:31  Liberator  
  176  12:32  Missile Turret  
  176  12:33  Missile Turret  
  176  12:36  Hellion x2  
  185  12:38  SCV  
  186  12:44  Viking  
  186  12:45  Hellion, Siege Tank x2  
  175  13:02  Hellion x2, Siege Tank  
  175  13:04  Hellion  
  168  13:12  Factory Reactor  
  168  13:13  Factory  
  168  13:14  Viking x2  
  168  13:17  Terran Vehicle Weapons Level 2, Siege Tank  
  168  13:19  Missile Turret  
  175  13:20  Missile Turret  
  165  13:27  Hellion x3, Siege Tank  
  165  13:28  Hellion  
  174  13:36  Terran Vehicle And Ship Armor Level 2  
  174  13:38  Planetary Fortress  
  170  13:42  SCV x2  
  170  13:43  Hellion  
  170  13:49  Hellion x3  
  170  13:50  Hellion  
  170  13:53  SCV  
  170  13:54  SCV  
  180  13:57  Refinery  
  180  14:00  Hellion x2, Siege Tank  
  180  14:01  Factory Tech Lab  
  187  14:06  Starport Reactor  
  187  14:14  Hellion x2, Siege Tank x2  
  187  14:15  Hellion  
  197  14:22  Hellion  
  196  14:27  Hellion  
  196  14:28  Hellion  
  196  14:31  Hellion  
  194  14:33  Refinery  
  194  14:36  Hellion  
  194  14:41  Siege Tank  
  197  14:46  Missile Turret, Siege Tank  
  197  14:50  Sensor Tower  
  197  15:02  Hellion x2, Siege Tank  
  197  15:06  Hellion x2, Siege Tank  
  197  15:08  Hellion  
  197  15:13  Siege Tank  
  191  15:17  Hellion  
  191  15:18  Liberator  
  191  15:19  Hellion  
  196  15:21  Liberator  
  199  15:42  Command Center  
  155  15:54  Hellion x2, Siege Tank  
  146  16:02  Hellion x3, Siege Tank x2  
  146  16:03  SCV x3, Siege Tank  
  157  16:07  Viking  
  157  16:10  Viking  
  161  16:14  Viking  
  161  16:15  Viking  
  165  16:25  Hellion x4  
  173  16:26  Siege Tank  
  173  16:30  Hellion x2  
  180  16:34  Siege Tank  
  180  16:39  Hellion x2  
  187  16:41  Viking  
  187  16:46  Hellion x2  
  189  16:49  Viking  
  189  16:51  Hellion  
  177  16:55  Hellion x2  
  177  16:58  Siege Tank  
  177  17:00  Hellion  
  184  17:12  Viking x3  
  188  17:16  Hellion x2  
  188  17:21  Hellion x2  
Show
View Real Time Build Order
Export as new Build Order

Epic Terran 

Build Orders: Gas First Reaper Expand 

Get SALT Encoding   

  12  0:00  SCV  
  13  0:12  SCV  
  14  0:17  Supply Depot  
  14  0:24  SCV  
  14  0:28  Refinery  
  15  0:38  SCV  
  16  0:43  Barracks  
  16  0:50  SCV  
  17  1:03  SCV  
  18  1:15  SCV  
  19  1:30  Orbital Command  
  19  1:31  Reaper  
  20  1:44  Command Center  
  20  1:56  SCV  
  20  1:59  Factory  
  21  2:06  Barracks Reactor  
  21  2:08  SCV  
  21  2:11  Supply Depot  
  22  2:20  Refinery  
  22  2:21  SCV  
  23  2:33  SCV  
  24  2:43  Marine x2  
  24  2:44  Hellion  
  28  2:45  SCV  
  28  2:46  Starport  
  29  2:55  Orbital Command  
  30  2:58  SCV  
  30  3:03  Marine x2  
  32  3:07  Widow Mine  
  32  3:11  SCV  
  35  3:21  Marine x2  
  35  3:22  Medivac  
  39  3:28  SCV x2  
  39  3:30  Factory Tech Lab  
  39  3:34  Supply Depot  
  41  3:40  SCV  
  41  3:41  SCV  
  43  3:42  Refinery, Marine x2  
  45  3:52  Cyclone  
  46  3:57  SCV x2  
  46  4:00  Supply Depot, Marine x2  
  49  4:03  Viking  
  51  4:14  SCV x2  
  53  4:18  Marine  
  53  4:21  Marine  
  55  4:25  Siege Tank  
  57  4:31  SCV  
  57  4:35  Marine  
  55  4:39  SCV, Marine  
  57  4:46  Starport Tech Lab  
  57  4:47  SCV  
  57  4:51  SCV  
  59  4:54  Marine  
  59  4:55  Supply Depot  
  59  4:57  Marine  
  59  4:59  Supply Depot  
  61  5:03  SCV  
  62  5:16  SCV x2, Raven, Siege Tank  
  62  5:17  Supply Depot  
  62  5:19  Marine  
  62  5:21  Marine  
  69  5:30  SCV  
  69  5:31  SCV  
  67  5:37  Command Center  
  67  5:38  Marine  
  67  5:39  Marine  
  69  5:43  SCV x2, Refinery  
  69  5:49  Siege Tank  
  74  5:55  SCV x2  
  69  6:08  SCV x2  
  69  6:10  Supply Depot  
  71  6:12  Marine  
  71  6:13  Viking x2, Stimpack, Engineering Bay  
  71  6:14  Engineering Bay  
  76  6:20  Barracks  
  76  6:21  Barracks  
  76  6:22  SCV x2  
  76  6:24  Siege Tank  
  72  6:43  Viking x2  
  72  6:44  SCV x2  
  72  6:46  Terran Infantry Weapons Level 1  
  72  6:47  Marine, Terran Infantry Armor Level 1  
  78  6:50  Orbital Command  
  77  7:03  Siege Tank  
  77  7:05  Marine  
  74  7:08  Marine x2  
  74  7:13  Viking x2  
  78  7:23  Marine  
  78  7:26  Marine x2  
  81  7:32  SCV x2  
  81  7:35  Siege Tank  
  86  7:43  Viking x2, Supply Depot  
  90  7:45  Marine x3, Barracks x2  
  71  8:04  SCV x2  
  68  8:05  Barracks Reactor x2  
  68  8:08  Command Center, Siege Tank  
  72  8:14  Marine  
  72  8:15  Medivac  
  72  8:16  Medivac  
  76  8:21  SCV x2  
  78  8:33  SCV x2  
  78  8:36  Barracks Reactor  
  78  8:38  Barracks Reactor  
  78  8:44  Marine x5  
  78  8:45  SCV, Siege Tank  
  87  8:51  Supply Depot  
  87  8:54  Supply Depot  
  86  8:56  Medivac  
  88  9:03  SCV x2  
  88  9:05  Marine  
  88  9:06  Marine x4  
  88  9:08  Medivac  
  97  9:12  Marine x2  
  97  9:15  Marine  
  100  9:17  Combat Shield  
  100  9:20  Marine  
  100  9:23  Marine x2  
  100  9:24  SCV x2  
  105  9:30  Marine x3  
  105  9:31  Marine x2  
  110  9:33  Marine  
  110  9:37  Marine  
  112  9:40  Orbital Command  
  112  9:41  Marine  
  112  9:44  Siege Tank  
  116  9:46  SCV x2  
  116  9:49  Marine x3  
  121  9:56  Armory  
  121  9:58  SCV x2  
  123  10:02  Medivac x2  
  127  10:10  Marine x7  
  127  10:13  Marine  
  133  10:14  Marine  
  116  10:26  Siege Tank  
  116  10:28  SCV x3  
  105  10:33  Marauder, Marine x6  
  105  10:34  Marine x2  
  107  10:39  Medivac  
  107  10:42  SCV x2, Refinery x2  
  111  10:45  Medivac  
  113  10:51  Marine x2  
  113  10:53  Supply Depot  
  113  10:55  Marine x6  
  121  10:59  Marauder  
  121  11:03  Siege Tank  
  126  11:09  Supply Depot  
  126  11:10  Supply Depot  
  126  11:17  Terran Infantry Weapons Level 2  
  126  11:18  Marine x3  
  130  11:23  Terran Infantry Armor Level 2  
  129  11:26  Barracks Tech Lab  
  129  11:27  Supply Depot  
  129  11:29  Supply Depot  
  129  11:31  SCV x3  
  132  11:38  Siege Tank  
  126  11:51  Marauder, Marine x6  
  126  11:52  Marauder  
  131  12:04  Medivac x2  
  135  12:08  Marine  
  135  12:11  Command Center  
  135  12:14  Marine  
  135  12:15  Marauder x2, Marine x2  
  143  12:23  Siege Tank  
  146  12:30  Barracks Tech Lab  
  146  12:32  Supply Depot x2  
  146  12:41  Marauder x2, Marine x4  
  146  12:42  Medivac  
  146  12:43  Medivac  
  158  12:50  Supply Depot  
  155  12:52  Supply Depot  
  124  13:00  Marauder, Marine x3, Siege Tank  
  124  13:01  Marine  
  124  13:03  Marauder x2  
  125  13:12  SCV x3  
  128  13:13  Medivac x2  
  128  13:18  Barracks  
  128  13:19  Barracks  
  132  13:20  Barracks  
  124  13:29  Marauder x3, Marine  
  124  13:31  Concussive Shells  
  126  13:39  Marine x3  
  126  13:40  Siege Tank  
  132  13:45  Planetary Fortress  
  132  13:52  Medivac x2  
  132  13:54  SCV  
  133  13:59  Marauder  
  135  14:04  Marauder x2  
  135  14:08  Marine x3  
  135  14:09  Marine  
  143  14:14  Barracks Reactor, Barracks Tech Lab x2  
  143  14:22  Marauder  
  134  14:25  Marauder  
  134  14:29  Marauder, Marine x2  
  134  14:30  Marine x2, Siege Tank  
  123  14:40  Marauder x2  
  123  14:41  Medivac x2  
  123  14:44  Marauder  
  133  14:47  Marauder, Marine  
  133  14:49  Marine x3  
  133  14:51  Marauder  
  140  15:01  Marauder, Marine x3  
  140  15:05  Marauder, Marine  
  139  15:07  Marine x3  
  139  15:08  Marauder  
  139  15:12  Marauder  
  138  15:15  Siege Tank  
  138  15:18  Medivac x2  
  138  15:19  Marauder  
  133  15:23  Marauder  
  133  15:26  Marauder  
  133  15:28  Marine x3  
  138  15:34  Marine x5  
  144  15:36  Command Center  
  144  15:41  Missile Turret  
  129  15:50  Marauder x3  
  129  15:52  Marauder  
  112  15:59  Marauder  
  112  16:00  Marine  
  112  16:01  Marine  
  110  16:07  Medivac x2, Siege Tank  
  110  16:10  Marine x4  
  123  16:11  Marauder x3  
  123  16:13  Marine  
  128  16:23  Marauder  
  130  16:26  Marine x2  
  130  16:28  Marine  
  130  16:32  Marauder  
  134  16:33  Marauder x3  
  134  16:34  Marine x2  
  134  16:37  Marine  
  141  16:42  Medivac x2  
  141  16:43  Marine  
  141  16:45  Marauder  
  144  16:53  Marauder  
  138  16:54  Marauder x2  
  138  16:57  Planetary Fortress  
  134  17:02  Marauder  
  134  17:03  Marine x4  
  134  17:04  Marine  
  134  17:06  Marauder  
  141  17:10  Marine  
  141  17:14  Marauder  
  141  17:15  Marine  
  94  17:24  Marine x4  
  94  17:25  Marine  
Tags
 
Add a new tag
Caveats
  • Supply blocks, unpowered buildings, or Contaminate may cause inaccurate times.
  • Supply counts are checked every 10 seconds.